 Dungeon Crawl Stone Soup version 0.14-a0-2810-g474977d (webtiles) character file.

971 Tabbeli the Magician (level 7, -3/36 HPs)
             Began as a Deep Elf Wizard on Feb 25, 2014.
             Slain by Prince Ribbit (5 damage)
             ... on Level 5 of the Dungeon.
             The game lasted 00:11:19 (5101 turns).

Tabbeli the Magician (Deep Elf Wizard)              Turns: 5101, Time: 00:11:19

HP  -3/36        AC  7     Str  4      XL: 7   Next: 61%
MP  20/25        EV 12     Int 25      God:
Gold 159         SH  0     Dex 13      Spells:  6 memorised,  8 levels left

rFire  . . .     SeeInvis .     o - +0,+1 short sword (protect)
rCold  . . .     Clarity  .     a - +0 elf robe
rNeg   . . .     Conserve .     (no shield)
rPois  +         rCorr    .     b - +0 elf hat
rElec  .         rRot     .     (no cloak)
SustAb . .       Spirit   .     (no gloves)
rMut   .         Warding  .     (no boots)
Saprov . . .     Stasis   .     (no amulet)
MR     .....                    B - ring of poison resistance
                                (no ring)

@: repel missiles, not resistant to hostile enchantments, fairly stealthy
A: no striking features
a: no special abilities


You were on level 5 of the Dungeon.
You were not hungry.

You visited 1 branch of the dungeon, and saw 5 of its levels.

You collected 159 gold pieces.

Inventory:

Hand weapons
 n - a cursed +0,+2 whip of venom
 o - a +0,+1 short sword of protection (weapon)
 F - a +0,+3 short sword of electrocution
Armour
 a - a +0 elven robe (worn)
 b - a +0 elven hat (worn)
Magical devices
 q - a wand of hasting (2) {unknown}
Comestibles
 d - 4 bread rations
 g - 4 pears
 j - a meat ration
 l - a slice of pizza
 z - 2 apples
 I - an apricot
Scrolls
 i - 3 scrolls of teleportation
 k - a scroll of immolation {unknown}
 m - a scroll of identify
 r - 2 scrolls of fog
 s - 4 scrolls of remove curse
 t - a scroll of amnesia {unknown}
 v - a scroll of curse jewellery {unknown}
 x - 5 scrolls of random uselessness {unknown}
 y - a scroll of magic mapping {unknown}
 A - 2 scrolls of fear {unknown}
 H - a scroll of blinking
Jewellery
 h - an uncursed ring of poison resistance
 B - a ring of poison resistance (right hand)
Potions
 e - a potion of speed {unknown}
 f - a potion of degeneration {unknown}
 p - 2 potions of heal wounds {unknown}
 u - a potion of flight {unknown}
 w - a potion of agility
 C - 4 potions of curing
 E - a potion of resistance {unknown}
 G - a potion of brilliance {unknown}
Books
 c - a book of Minor Magic

   Spells                             Type                      Level
   *Magic Dart                        Conjuration                  1
   *Blink                             Translocation                2
   *Call Imp                          Summoning                    2
   *Repel Missiles                    Charms/Air                   2
   Slow                               Hexes                        2
   *Conjure Flame                     Conjuration/Fire             3
   *Mephitic Cloud                    Conjuration/Poison/Air       3


   Skills:
 - Level 2.4 Dodging
 - Level 2.4 Stealth
 * Level 7.5 Spellcasting
 * Level 6.4 Conjurations
 + Level 3.8 Charms
 - Level 1.1 Summonings
 + Level 3.2 Translocations


You had 8 spell levels left.
You knew the following spells:

 Your Spells              Type           Power        Failure   Level  Hunger
a - Magic Dart            Conj           ####         1%          1    None
b - Blink                 Tloc           N/A          2%          2    None
c - Call Imp              Summ           ##........   10%         2    None
d - Conjure Flame         Conj/Fire      ####....     6%          3    None
e - Repel Missiles        Chrm/Air       ###...       6%          2    None
f - Mephitic Cloud        Conj/Pois/Air  ###.....     10%         3    None


Dungeon Overview and Level Annotations

Branches:
Dungeon (5/16)
 Temple: D:4-7

Altars:
Fedhas

Annotations:
D:5 Prince Ribbit


Message History

Prince Ribbit hits you!
Casting: Magic Dart
Confirm with . or Enter, or press ? or * to list all spells.
Aiming: Magic Dart
Press: ? - help, Shift-Dir - straight line, f/p - Prince Ribbit
Aim: Prince Ribbit (lightly wounded)
The magic dart hits Prince Ribbit.
Prince Ribbit is moderately wounded.
Prince Ribbit hits you.
Casting: Magic Dart
Confirm with . or Enter, or press ? or * to list all spells.
Aiming: Magic Dart
Press: ? - help, Shift-Dir - straight line, f/p - Prince Ribbit
Aim: Prince Ribbit (moderately wounded)
The magic dart hits Prince Ribbit.
Prince Ribbit is heavily wounded.
Prince Ribbit hits you!
* * * LOW HITPOINT WARNING * * *
Prince Ribbit hits you.
You die...

##### #...#
.#####...###
........F...#
........@...#
#########...#
#.).# #...#
#...# #...##
##...# #...#
#...#


You could see Prince Ribbit.

Vanquished Creatures
  Menkaure (D:4)
  A black bear (D:3)
  A phantom (D:4)
  2 ogres
  A crimson imp (D:5)
  2 hounds
  An orc wizard (D:4)
  2 orc priests
  3 gnolls (D:3)
  5 adders
  4 worms
  The ghost of Dere the Shield-Bearer, a weakling HuFi (D:3)
  A giant eyeball (D:4)
  An ooze (D:4)
  3 giant geckos
  10 orcs
  13 bats
  A bat skeleton (D:4)
  8 hobgoblins
  12 jackals
  9 kobolds
  2 ball pythons
  2 giant cockroaches
  3 giant newts
  8 goblins
  6 rats
103 creatures vanquished.

Vanquished Creatures (collateral kills)
  An orc wizard (D:3)
  An orc (D:3)
2 creatures vanquished.

Vanquished Creatures (others)
  A shadow imp (D:4)
  A white imp (D:3)
2 creatures vanquished.

Grand Total: 107 creatures vanquished

Notes
Turn   | Place    | Note
--------------------------------------------------------------
     0 | D:1      | Tabbeli, the Deep Elf Wizard, began the quest for the Orb.
     0 | D:1      | Reached XP level 1. HP: 10/10 MP: 6/6
   181 | D:1      | Reached XP level 2. HP: 6/15 MP: 0/9
  1096 | D:2      | Reached XP level 3. HP: 19/19 MP: 11/13
  1315 | D:2      | Reached skill level 5 in Spellcasting
  1922 | D:2      | Reached XP level 4. HP: 22/24 MP: 9/17
  2280 | D:3      | Reached XP level 5. HP: 24/28 MP: 12/19
  2415 | D:3      | Learned a level 2 spell: Blink
  2418 | D:3      | Learned a level 2 spell: Call Imp
  2422 | D:3      | Learned a level 3 spell: Conjure Flame
  2425 | D:3      | Learned a level 2 spell: Repel Missiles
  2429 | D:3      | Learned a level 3 spell: Mephitic Cloud
  2850 | D:3      | Reached skill level 5 in Conjurations
  2933 | D:3      | Reached skill level 1 in Charms
  2938 | D:3      | Found a blossoming altar of Fedhas.
  3016 | D:3      | Noticed a black bear
  3024 | D:3      | Killed a black bear
  3024 | D:3      | Reached skill level 6 in Spellcasting
  3024 | D:3      | Reached XP level 6. HP: 18/32 MP: 12/22
  3153 | D:3      | Noticed Dere's ghost (weakling HuFi)
  3331 | D:3      | Killed Dere's ghost
  3965 | D:4      | Paralysed by a giant eyeball for 2 turns
  3972 | D:4      | Paralysed by a giant eyeball for 2 turns
  3981 | D:4      | Paralysed by a giant eyeball for 2 turns
  3984 | D:4      | Paralysed by a giant eyeball for 4 turns
  4127 | D:4      | Reached XP level 7. HP: 34/36 MP: 10/24
  4151 | D:4      | Noticed Menkaure
  4167 | D:4      | Killed Menkaure
  4167 | D:4      | Reached skill level 7 in Spellcasting
  4610 | D:4      | Found a blossoming altar of Fedhas.
  4847 | D:5      | Entered Level 5 of the Dungeon
  5096 | D:5      | Noticed Prince Ribbit
  5101 | D:5      | Slain by Prince Ribbit

Action                   |  1- 3 |  4- 6 |  7- 9 || total
-------------------------+-------+-------+-------++-------
Melee: Unarmed           |    13 |       |       ||    13
       Whip              |    10 |    21 |       ||    31
 Cast: Magic Dart        |    99 |   191 |    32 ||   322
       Call Imp          |       |     5 |     4 ||     9
       Mephitic Cloud    |       |     2 |     2 ||     4
       Blink             |       |     4 |       ||     4
       Repel Missiles    |       |     2 |       ||     2
       Conjure Flame     |       |     3 |     2 ||     5
  Use: Potion            |     2 |       |       ||     2
       Scroll            |       |     7 |       ||     7
